 Dungeon Crawl Stone Soup version 0.20.1-1-g8b1a95d (webtiles) character file.

281080 regularjogger the Imperceptible (level 19, -1/111 HPs)
             Began as a Spriggan Enchanter on Aug 21, 2017.
             Was a High Priest of Sif Muna.
             Slain by a skeletal warrior
             ... wielding a +0 war axe
              (31 damage)
             ... on level 1 of the Vaults on Aug 23, 2017.
             The game lasted 10:39:37 (57550 turns).

regularjogger the Imperceptible (SpEn)             Turns: 57550, Time: 10:39:37

Health: -1/111     AC: 19    Str: 11    XL:     19   Next: 70%
Magic:  12/34      EV: 35    Int: 29    God:    Sif Muna [*****.]
Gold:   2897       SH: 11    Dex: 22    Spells: 17/38 levels left

rFire    + . .     SeeInvis +   S - +9 dagger of Upheaval {freeze, Int+2}
rCold    . . .     Gourm    .   h - +2 buckler
rNeg     . . .     Faith    .   J - +7 swamp dragon scales
rPois    +         Spirit   .   M - +2 hat
rElec    .         Reflect  .   r - +2 cloak of Bitiehu {SInv}
rCorr    .         Harm     .   (gloves unavailable)
MR       +++..                  (boots unavailable)
Stlth    ++++++++..             g - amulet of regeneration
Regen    0.7/turn               q - ring "Demu" {rF+ Str+6 Dex+4}
MPRegen  0.3/turn               P - +5 ring of intelligence

@: very quick
A: unfitting armour, see invisible, herbivore 3, speed 3, slow metabolism 2
}: 2/15 runes: barnacled, gossamer
a: Divine Energy, Channel Magic, Forget Spell, Renounce Religion


You were on level 1 of the Vaults.
You worshipped Sif Muna.
Sif Muna was extremely pleased with you.
You were full.

You visited 8 branches of the dungeon, and saw 35 of its levels.
You also visited: Sewer and Desolation.

You collected 3289 gold pieces.
You spent 392 gold pieces at shops.

Inventory:

Hand Weapons
 c - the +8 dagger of Conscience {flame, rF+ Int+2}
   (You found it on level 1 of the Shoals)

   It has been specially enchanted to burn those struck by it, causing extra
   injury to most foes and up to half again as much damage against particularly
   susceptible opponents.
   It affects your intelligence (+2).
   It protects you from fire.
 R - a +6 dagger of holy wrath
 S - the +9 dagger of Upheaval (weapon) {freeze, Int+2}
   (You found it in the Desolation of Salt)

   It has been specially enchanted to freeze those struck by it, causing extra
   injury to most foes and up to half again as much damage against particularly
   susceptible opponents.
   It can also slow down cold-blooded creatures.
   It affects your intelligence (+2).
Armour
 h - a +2 buckler (worn)
 r - the +2 cloak of Bitiehu (worn) {SInv}
   (You acquired it on level 2 of the Lair of Beasts)

   It lets you see invisible.
 J - +7 swamp dragon scales (worn)
 M - a +2 hat (worn)
Jewellery
 g - an amulet of regeneration (around neck)
 q - the ring "Demu" (left hand) {rF+ Str+6 Dex+4}
   (You found it in the Desolation of Salt)

   [ring of protection from fire]

   It affects your strength (+6).
   It affects your dexterity (+4).
   It protects you from fire.
 P - a +5 ring of intelligence (right hand)
Wands
 a - a wand of flame (25/48)
 b - a wand of polymorph (9/24)
 o - a wand of iceblast (6/15)
 t - a wand of flame (20/48)
 x - a wand of disintegration (2/24)
 A - a wand of random effects (14/48)
 B - a wand of lightning (10/15)
 D - a wand of paralysis (11/24)
 F - a wand of polymorph (8/24)
 K - a wand of confusion (21/48)
 L - a wand of scattershot (4/9)
Scrolls
 e - 15 scrolls of identify
 i - 11 scrolls of teleportation
 k - 2 scrolls of blinking
 l - 10 scrolls of remove curse
 p - 4 scrolls of recharging
 y - 4 scrolls of fear
 W - 5 scrolls of fog
Potions
 f - 3 potions of might
 j - 3 potions of cancellation
 z - 2 potions of agility
 C - 4 potions of ambrosia
 G - 7 potions of brilliance
 H - 3 potions of flight
 I - 12 potions of curing
 O - 3 potions of haste
 Q - a potion of resistance
Miscellaneous
 n - a lightning rod (4/4)
 w - a phial of floods
 Y - a lamp of fire
Comestibles
 d - 12 bread rations


   Skills:
 * Level 16.5 Fighting
 - Level 10.4 Short Blades
 + Level 21.7 Dodging
 + Level 23.1 Stealth
 - Level 7.4 Shields
 - Level 10.0 Spellcasting
 - Level 14.0 Hexes
 - Level 3.0 Summonings
 - Level 7.0 Invocations
 - Level 10.0 Evocations


You had 17 spell levels left.
You knew the following spells:

 Your Spells              Type           Power        Failure   Level  Hunger
a - Corona                Hex            #######      1%          1    None
b - Ensorcelled Hibernat  Hex/Ice        ######       1%          2    None
c - Confuse               Hex            #######.     1%          3    None
d - Tukima's Dance        Hex            #######.     1%          3    None
e - Invisibility          Hex            #######.     4%          6    #####..
f - Summon Butterflies    Summ           ####....     2%          1    None
h - Summon Mana Viper     Hex/Summ       ######..     8%          5    ###....


Dungeon Overview and Level Annotations

Branches:
Dungeon (15/15)            Temple (1/1) D:7            Lair (6/6) D:9
 Shoals (4/4) Lair:2       Spider (4/4) Lair:3        Slime (0/5) Lair:5
    Orc (2/2) D:12            Elf (2/3) Orc:2        Vaults (1/5) D:13
 Depths (0/5) D:15

Altars:
Ashenzari
Cheibriados
Dithmenos
Elyvilon
Fedhas
Gozag
Hepliaklqana
Kikubaaqudgha
Makhleb
Nemelex Xobeh
Okawaru
Qazlal
Ru
Sif Muna
Trog
Uskayaw
Vehumet
Xom
Yredelemnul
Zin
The Shining One
Beogh
Jiyva

Shops:
Orc:2 =*}}   Elf:1 *   Shoals:4 *[

Annotations:
Elf:1 exclusion: Roxanne, Roxanne


Innate Abilities, Weirdness & Mutations

You are very small and have problems with some larger weapons.
You are too small for most types of armour.
You have supernaturally acute eyesight. (SInv)
You are a herbivore.
You cover ground extremely quickly.
You need consume almost no food.


Message History

The ironbrand convoker hits your giant club with a mace.
The skeletal warrior misses you. The two-headed ogre misses you.
The two-headed ogre hits you with a giant club!
Something hits your giant club.
Your giant club hits the two-headed ogre!!!
Your giant club hits the orc!!
The orc dies!
Sif Muna accepts your kill. Something hits your giant club!
You hit the skeletal warrior but do no damage.
The skeletal warrior is moderately damaged.
You hit the skeletal warrior. You freeze the skeletal warrior.
The skeletal warrior is heavily damaged.
The two-headed ogre hits you with a giant club!!!
* * * LOW HITPOINT WARNING * * *
The two-headed ogre completely misses you.
You puncture the skeletal warrior!
The skeletal warrior is heavily damaged.
The skeletal warrior hits you with a war axe!!
You die...

......#####'###########..#
.....##....)##...........#
....##.......##..........#
...##..#####..##.........# ..##..
##..##........# .##
##..##.......# ## ##..##......# +
##..#......# # #.. #@.#......# #
. ... #zO#......# # .. .p
#.(#......# # #..##.#
##)(#...>..# ## #..s..
##p(##......# .## #...H
##††##.......#
..##..##...##†.##.(......#
...##.......))##.........#
....##....)[.##..........########


You could see a skeletal warrior, a two-headed ogre, an ironbrand convoker and a
friendly giant club.

Vanquished Creatures
  Arachne (Spider:4)
  A deep elf blademaster (Elf:2)
  Kirke (D:14)
  Ilsuiw (Shoals:4)
  2 imperial myrmidons (Desolation)
  6 ghost moths
  8 emperor scorpions
  A frost giant (Shoals:4)
  2 angels (Elf:2)
  4 entropy weavers
  The ghost of Toogi the Nimble, a journeyman MfSu of Sif Muna (D:15)
  The ghost of destino the Brawler, a journeyman TrCK of Xom (Lair:5)
  2 stone giants
  Azrael (Elf:1)
  Nessos (D:12)
  A halazid warlock (Desolation)
  3 spark wasps
  Josephine (D:13)
  3 crystal guardians (Desolation)
  4 merfolk javelineers (Shoals:4)
  2 deep elf death magi
  5 ragged hierophants (Desolation)
  4 merfolk impalers (Shoals:4)
  2 ogre magi
  The ghost of monokles the Fiendish, a journeyman DsAs of Makhleb (D:11)
  4 vault guards (D:13)
  4 peacekeepers (Desolation)
  2 merfolk avatars
  13 hydras
  3 servants of whispers (Desolation)
  4 centaur warriors
  An alligator (Lair:4)
  6 merfolk aquamancers
  The ghost of loom the Destroyer, a journeyman TeCj of Vehumet (D:9)
  9 two-headed ogres
  A satyr (Shoals:3)
  17 death yaks
  7 orc high priests
  A small abomination (Elf:2)
  Sonja (Lair:2)
  14 deep elf knights
  8 sea snakes
  A glowing orange brain (D:15)
  A deep troll (Vaults:1)
  A deep troll (shapeshifter) (Vaults:1)
  A swamp dragon (Lair:4)
  5 deep elf archers
  2 ironbrand convokers (Desolation)
  4 orc knights
  28 deep elf magi
  A harpy (shapeshifter) (D:15)
  4 orc sorcerers
  25 wolf spiders
  11 cyclopes
  18 harpies
  21 orb spiders
  7 fauns
  11 ugly things
  A mana viper (shapeshifter) (D:15)
  4 manticores
  Maurice (Orc:1)
  2 moths of wrath
  3 guardian serpents (Desolation)
  A molten gargoyle (Desolation)
  9 merfolk sirens
  A torpor snail (Spider:2)
  10 elephants
  A black mamba (shapeshifter) (D:15)
  5 black mambas
  7 water nymphs
  2 gargoyles
  28 spiny frogs
  Psyche (D:10)
  4 rime drakes
  13 demonic crawlers
  2 freezing wraiths
  8 komodo dragons
  2 yaktaurs (Vaults:1)
  29 merfolk
  A queen bee (Spider:3)
  5 trolls
  4 tyrant leeches
  8 wind drakes
  A polar bear (shapeshifter) (D:13)
  37 jumping spiders
  5 polar bears
  A hornet (shapeshifter) (D:13)
  3 meliai (Spider:3)
  A wind drake (shapeshifter) (D:15)
  6 hornets
  11 slime creatures
  A wolf spider simulacrum (D:15)
  40 saltlings (Desolation)
  A hippogriff (shapeshifter) (D:15)
  7 hippogriffs
  4 dream sheep
  10 snapping turtles
  17 blink frogs
  A vampire (D:15)
  Sigmund (D:2)
  A shadow (D:13)
  7 wraiths
  2 spriggans (shapeshifter)
  4 air elementals
  3 wyverns
  62 yaks
  73 redbacks
  11 water elementals
  32 tarantellas
  17 dancing weapons
  2 fire elementals
  4 basilisks
  A human (D:9)
  2 hogs (D:9)
  A steam dragon (D:13)
  12 vampire mosquitoes
  2 hungry ghosts
  3 wargs
  4 swamp worms (Lair:4)
  A soldier ant (D:11)
  17 water moccasins
  4 hell hounds
  An acid dragon (Vaults:1)
  6 porcupines
  19 orc warriors
  An eye of draining (shapeshifter) (D:15)
  Purgy (D:3)
  A black bear (D:9)
  8 sky beasts
  An eye of draining (D:10)
  A necrophage (D:10)
  4 ice beasts
  9 ogres
  A phantom (D:11)
  11 wolves
  18 centaurs
  10 crocodiles
  4 big kobolds
  29 bullfrogs
  An earth elemental (Elf:1)
  A wyvern skeleton (D:7)
  2 scorpions
  A water moccasin skeleton (D:5)
  16 killer bees
  8 wights
  6 electric eels
  12 crimson imps
  A quasit (D:8)
  A bullfrog zombie (D:13)
  2 centaur zombies
  15 orc priests
  4 jellies
  33 orc wizards
  3 centaur skeletons
  3 hounds
  3 bullfrog skeletons
  Jessica (D:2)
  Natasha (D:3)
  4 iguanas
  5 worker ants
  Ijyb (D:3)
  2 hound zombies
  2 worker ant zombies
  Robin (D:4)
  A howler monkey zombie (D:10)
  A howler monkey skeleton (D:4)
  3 gnolls (D:3)
  11 adders
  7 shadow imps
  4 oozes
  An adder zombie (D:9)
  5 adder skeletons
  3 worms (D:4)
  A dart slug (D:2)
  8 leopard geckos
  98 orcs
  8 bats
  5 giant cockroaches
  15 goblins
  5 hobgoblins
  4 jackals (D:5)
  32 kobolds
  4 quokkas
  6 ball pythons
  7 frilled lizards
  A jackal skeleton (D:2)
  2 leopard gecko skeletons
  2 leopard gecko zombies
  A quokka skeleton (D:8)
  12 rats
  3 crawling corpses (Elf:2)
  A plant (Spider:3)
1365 creatures vanquished.

Vanquished Creatures (collateral kills)
  Mara (Spider:3)
  4 vault guards (D:13)
  5 two-headed ogres
  A deep elf knight (Elf:1)
  An ironbrand convoker (Vaults:1)
  3 orc knights (Orc:2)
  4 deep elf magi
  An orc sorcerer (Orc:2)
  A centaur skeleton (D:15)
  A yaktaur (Vaults:1)
  A redback (Spider:4)
  3 orc warriors (Orc:2)
  4 ogres
  A wight (D:6)
  An orc priest (Orc:2)
  5 orcs
37 creatures vanquished.

Vanquished Creatures (others)
  A deep elf archer (Elf:1)
  3 dancing weapons
  2 humans (D:14)
  2 orc wizards
  3 orcs
  12 fungi
  36 plants
59 creatures vanquished.

Grand Total: 1461 creatures vanquished

Notes
Turn   | Place    | Note
-------+----------+-------------------------------------------
     0 | D:1      | regularjogger the Spriggan Enchanter began the quest for the Orb.
     0 | D:1      | Reached XP level 1. HP: 9/9 MP: 5/5
   412 | D:1      | Reached XP level 2. HP: 8/13 MP: 4/6
   418 | D:1      | Learned a level 2 spell: Ensorcelled Hibernation
  1501 | D:2      | Reached XP level 3. HP: 16/16 MP: 8/8
  1700 | D:2      | Learned a level 3 spell: Confuse
  1742 | D:2      | Noticed Sigmund
  1791 | D:2      | Noticed Jessica
  1972 | D:2      | Killed Jessica
  1972 | D:2      | Reached skill level 5 in Hexes
  1972 | D:2      | Reached XP level 4. HP: 17/21 MP: 2/9
  2058 | D:2      | Found a blossoming altar of Fedhas.
  2300 | D:2      | Killed Sigmund
  2300 | D:2      | Reached XP level 5. HP: 24/24 MP: 5/10
  2307 | D:2      | Learned a level 3 spell: Tukima's Dance
  2614 | D:3      | Noticed Ijyb
  2618 | D:3      | Killed Ijyb
  2618 | D:3      | Reached XP level 6. HP: 26/28 MP: 11/11
  2629 | D:3      | Found a deep blue altar of Sif Muna.
  2635 | D:3      | Became a worshipper of Sif Muna the Loreminder
  3228 | D:3      | Reached skill level 5 in Stealth
  3274 | D:3      | Noticed Purgy
  3278 | D:3      | Killed Purgy
  3281 | D:3      | Noticed Natasha
  3283 | D:3      | Killed Natasha
  3283 | D:3      | Reached skill level 5 in Short Blades
  3283 | D:3      | Reached skill level 1 in Shields
  3419 | D:3      | Found a white marble altar of Elyvilon.
  3594 | D:4      | Reached skill level 6 in Stealth
  3594 | D:4      | Reached XP level 7. HP: 32/32 MP: 12/12
  3609 | D:4      | Noticed Robin
  3847 | D:4      | Killed Robin
  4134 | D:4      | Found a glowing drain.
  4156 | Sewer    | Entered a sewer
  4354 | Sewer    | Reached * piety under Sif Muna
  4535 | Sewer    | Reached skill level 7 in Stealth
  5018 | D:5      | Entered Level 5 of the Dungeon
  5247 | D:5      | Reached skill level 8 in Stealth
  5344 | D:5      | Found an ancient bone altar of Kikubaaqudgha.
  5415 | D:5      | Reached XP level 8. HP: 36/36 MP: 10/13
  5921 | D:5      | Reached skill level 9 in Stealth
  6309 | D:6      | You fall through a shaft for 2 floors!
  6557 | D:6      | Reached skill level 10 in Stealth
  6910 | D:6      | Reached XP level 9. HP: 39/39 MP: 7/16
  6957 | D:6      | Reached ** piety under Sif Muna
  7229 | D:7      | Reached skill level 5 in Dodging
  7276 | D:7      | Found a snail-covered altar of Cheibriados.
  7349 | D:7      | Found a staircase to the Ecumenical Temple.
  7367 | Temple   | Entered the Ecumenical Temple
  7952 | D:8      | Noticed a two-headed ogre
  7955 | D:8      | Killed a two-headed ogre
  8067 | D:8      | Noticed a two-headed ogre
  8106 | D:8      | Killed a two-headed ogre
  8106 | D:8      | Reached skill level 10 in Short Blades
  8106 | D:8      | Reached XP level 10. HP: 44/44 MP: 8/17
  8254 | D:8      | Found a sparkling altar of Nemelex Xobeh.
  8431 | D:9      | Found a staircase to the Lair.
  8433 | D:9      | Reached skill level 1 in Fighting
  8502 | D:9      | Noticed loom's ghost (journeyman TeCj)
  8532 | D:9      | Killed loom's ghost
  8532 | D:9      | Reached skill level 10 in Dodging
  8571 | D:9      | Found a hide-covered altar of Uskayaw.
  8614 | D:9      | Found a shattered altar of Ashenzari.
  8669 | D:9      | Noticed a two-headed ogre
  8750 | D:9      | Found a sacrificial altar of Ru.
  8792 | D:9      | Killed a two-headed ogre
  9295 | D:9      | Reached skill level 5 in Spellcasting
  9383 | D:9      | Found an opulent altar of Gozag.
  9576 | D:9      | Reached skill level 1 in Evocations
  9932 | D:9      | Reached skill level 5 in Shields
 10074 | D:10     | Entered Level 10 of the Dungeon
 10163 | D:10     | Noticed Psyche
 10206 | D:10     | Killed Psyche
 10276 | D:10     | Reached XP level 11. HP: 52/52 MP: 16/19
 10398 | D:10     | Noticed a two-headed ogre
 10545 | D:10     | Killed a two-headed ogre
 11108 | D:10     | Found a snail-covered altar of Cheibriados.
 11377 | D:10     | Reached skill level 5 in Evocations
 11592 | D:10     | Reached *** piety under Sif Muna
 12101 | D:11     | Noticed a purple ugly thing
 12142 | D:11     | Killed a purple ugly thing
 12512 | D:11     | Reached skill level 5 in Fighting
 12521 | D:11     | Noticed a four-headed hydra
 12579 | D:11     | Killed a four-headed hydra
 13178 | D:11     | Found a bloodstained altar of Trog.
 13214 | D:11     | Reached skill level 1 in Invocations
 13353 | D:11     | Noticed monokles's ghost (journeyman DsAs)
 13369 | D:11     | Killed monokles's ghost
 13974 | Lair:1   | Entered Level 1 of the Lair of Beasts
 14085 | Lair:1   | Reached XP level 12. HP: 60/60 MP: 20/20
 14896 | Lair:2   | Noticed a death yak
 14896 | Lair:2   | Noticed a death yak
 14957 | Lair:2   | Noticed a death yak
 14959 | Lair:2   | Noticed a death yak
 15524 | Lair:1   | Killed a death yak
 15524 | Lair:1   | Reached skill level 11 in Stealth
 15816 | Lair:2   | Killed a death yak
 16035 | Lair:1   | Killed a death yak
 16195 | Lair:1   | Killed a death yak
 16482 | Lair:2   | Noticed Sonja
 16488 | Lair:2   | Killed Sonja
 16512 | Lair:2   | Noticed a six-headed hydra
 16540 | Lair:2   | Killed a six-headed hydra
 16869 | Lair:2   | Reached skill level 12 in Stealth
 17365 | Lair:2   | Found a staircase to the Shoals.
 17911 | Lair:3   | Found a hole to the Spider Nest.
 18068 | Lair:3   | Reached skill level 5 in Invocations
 19204 | Lair:4   | Noticed an eight-headed hydra
 19231 | Lair:4   | Killed an eight-headed hydra
 19401 | Lair:4   | Reached XP level 13. HP: 67/67 MP: 15/21
 19868 | Lair:4   | Reached **** piety under Sif Muna
 20217 | Lair:4   | Reached skill level 10 in Evocations
 21052 | Lair:4   | Reached skill level 10 in Hexes
 21126 | Lair:5   | Noticed destino's ghost (journeyman TrCK)
 21416 | Lair:5   | Reached ***** piety under Sif Muna
 21435 | Lair:5   | Identified Tuulyeqi's Guide on the Ashen Arsonist (Sif Muna gifted it to you on level 5 of the Lair of Beasts)
 21435 | Lair:5   | Received a gift from Sif Muna
 22708 | Lair:5   | Found a viscous altar of Jiyva.
 22708 | Lair:5   | Found a staircase to the Slime Pits.
 22997 | Lair:6   | Entered Level 6 of the Lair of Beasts
 24697 | Lair:5   | Reached skill level 13 in Stealth
 25206 | Lair:5   | Reached XP level 14. HP: 72/74 MP: 7/22
 25883 | Lair:5   | Killed destino's ghost
 25931 | Lair:5   | Learned a level 6 spell: Invisibility
 26217 | Lair:6   | Reached skill level 14 in Stealth
 26475 | Lair:5   | Identified Sif Muna's Handbook of Shape Shifting and Execration (Sif Muna gifted it to you on level 5 of the Lair of Beasts)
 26475 | Lair:5   | Received a gift from Sif Muna
 28248 | Lair:2   | Identified a scroll of acquirement
 28608 | D:12     | Reached skill level 15 in Stealth
 28947 | D:12     | Found a staircase to the Orcish Mines.
 29147 | D:12     | Noticed Nessos
 29158 | D:12     | Killed Nessos
 29158 | D:12     | Reached skill level 10 in Fighting
 29466 | D:12     | Reached XP level 15. HP: 80/80 MP: 22/25
 30299 | Orc:1    | Entered Level 1 of the Orcish Mines
 30462 | Orc:1    | Found a roughly hewn altar of Beogh.
 30598 | Orc:2    | Entered Level 2 of the Orcish Mines
 30621 | Orc:2    | Found a staircase to the Elven Halls.
 30955 | Orc:2    | Reached skill level 16 in Stealth
 31090 | Orc:2    | Found Ocarrog's Gadget Shop.
 31506 | Orc:2    | Found Akleodonwo's Gadget Shop.
 31780 | Orc:2    | Found Xiuroili's Assorted Antiques.
 31786 | Orc:2    | Found Coiqoqar's Jewellery Shoppe.
 32350 | Elf:1    | Entered Level 1 of the Elven Halls
 32461 | Elf:1    | Noticed Azrael
 32746 | Elf:1    | Killed Azrael
 32746 | Elf:1    | Identified Siavoam's Grimoire of Destructive Feathers (Sif Muna gifted it to you on level 1 of the Elven Halls)
 32746 | Elf:1    | Received a gift from Sif Muna
 32804 | Elf:1    | Found Kaythot's Assorted Antiques.
 32938 | Elf:1    | Noticed Roxanne
 32957 | Elf:1    | Reached skill level 17 in Stealth
 33718 | Elf:1    | Reached skill level 18 in Stealth
 34415 | Elf:1    | Reached skill level 10 in Spellcasting
 34797 | Elf:2    | Found a glowing silver altar of Zin.
 34797 | Elf:2    | Found a white marble altar of Elyvilon.
 34799 | Elf:2    | Found a ruined gateway.
 34800 | Elf:2    | Found a glowing golden altar of the Shining One.
 34840 | Elf:2    | HP: 2/80 [angel/sacred scourge of holy wrath (12)]
 34894 | Elf:2    | Reached skill level 15 in Dodging
 35158 | Desolati | Entered the Desolation of Salt
 35201 | Desolati | Reached skill level 19 in Stealth
 35237 | Desolati | Identified Nuuhuew's Reference Book on Scorching Conjuration
 35370 | Desolati | Got a twisted dagger
 35375 | Desolati | Identified the +9 dagger of Upheaval {freeze, Int+2} (You found it in the Desolation of Salt)
 35478 | Desolati | Reached XP level 16. HP: 71/85 MP: 26/31
 35744 | Desolati | Identified the Disquisition on Displaced Changing
 35778 | Desolati | Reached skill level 20 in Stealth
 36208 | Desolati | Identified the Reference Book on Heat and Contamination
 36236 | Desolati | Got a bound tin ring
 36239 | Desolati | Identified the ring "Demu" {rF+ Str+6 Dex+4} (You found it in the Desolation of Salt)
 37055 | Desolati | HP: 3/87 [saltling (21)]
 37658 | Elf:2    | Found a runed gate.
 37658 | Elf:2    | Found a runed gate.
 37659 | Elf:2    | Found a runed gate.
 38442 | Elf:2    | Identified Omobrum's Guide on Orientation (Sif Muna gifted it to you on level 2 of the Elven Halls)
 38442 | Elf:2    | Received a gift from Sif Muna
 38744 | Elf:2    | Noticed a deep elf blademaster
 38754 | Elf:2    | Killed a deep elf blademaster
 38996 | Orc:1    | Noticed Maurice
 39021 | Orc:1    | Killed Maurice
 39791 | Spider:1 | Entered Level 1 of the Spider Nest
 40017 | Spider:1 | Reached XP level 17. HP: 93/93 MP: 32/32
 42439 | Spider:3 | Noticed Mara
 43535 | Lair:2   | Learned a level 1 spell: Summon Butterflies
 43543 | Lair:2   | Learned a level 5 spell: Fireball
 43614 | Lair:2   | Learned a level 5 spell: Summon Mana Viper
 43694 | Shoals:1 | Entered Level 1 of the Shoals
 43772 | Shoals:1 | Reached skill level 1 in Summonings
 44052 | Shoals:1 | Got an encrusted dagger
 44134 | Shoals:1 | Identified the +8 dagger of Conscience {flame, rF+ Int+2} (You found it on level 1 of the Shoals)
 45412 | Shoals:2 | Reached XP level 18. HP: 102/102 MP: 28/33
 46808 | D:13     | Found a gate to the Vaults.
 47361 | D:13     | Noticed Josephine
 47369 | D:13     | Killed Josephine
 47791 | D:14     | Noticed Kirke
 47808 | D:14     | Killed Kirke
 47833 | D:14     | Reached skill level 15 in Fighting
 48542 | D:14     | Found a glowing silver altar of Zin.
 48909 | D:15     | Entered Level 15 of the Dungeon
 48923 | D:15     | Noticed Toogi's ghost (journeyman MfSu)
 49055 | D:15     | Killed Toogi's ghost
 49374 | D:15     | Found a shadowy altar of Dithmenos.
 49982 | D:15     | Found a staircase to the Depths.
 49998 | D:15     | Reached skill level 21 in Stealth
 50522 | Shoals:4 | Entered Level 4 of the Shoals
 50555 | Shoals:4 | Noticed Ilsuiw
 50565 | Shoals:4 | Received a gift from Sif Muna
 50578 | Shoals:4 | Killed Ilsuiw
 50721 | Shoals:4 | Found Yparhun's Antique Armour Shoppe.
 52136 | Shoals:4 | Got a barnacled rune of Zot
 52145 | Shoals:4 | Found Bostaceg's General Store.
 52156 | Shoals:4 | Bought a bread ration for 70 gold pieces
 52156 | Shoals:4 | Bought a scroll of remove curse for 42 gold pieces
 52156 | Shoals:4 | Bought a scroll of brand weapon for 280 gold pieces
 52651 | Shoals:4 | Reached skill level 22 in Stealth
 52914 | Shoals:4 | Identified the Tome of the Gliding Compass
 53409 | Lair:2   | Got a bloodstained cloak
 53420 | Lair:2   | Identified the +2 cloak of Bitiehu {SInv} (You acquired it on level 2 of the Lair of Beasts)
 53618 | Spider:3 | Killed Mara
 53618 | Spider:3 | Reached XP level 19. HP: 25/109 MP: 29/34
 54032 | Spider:4 | Entered Level 4 of the Spider Nest
 55469 | Spider:4 | Noticed Arachne
 55495 | Spider:4 | Killed Arachne
 56165 | Spider:4 | Reached skill level 23 in Stealth
 56227 | Spider:4 | Got a gossamer rune of Zot
 56599 | Vaults:1 | Entered Level 1 of the Vaults
 56612 | Vaults:1 | Paralysed by a hornet for 2 turns
 57550 | Vaults:1 | Slain by a skeletal warrior

Skill      XL: |  1  2  3  4  5  6  7  8  9 10 11 12 13 14 15 16 17 18 19 |
---------------+----------------------------------------------------------+-----
Short Blades   | 2 3 4 5 6 8 10 | 10.4
Hexes          | 4 5 6 7 8 12 14 | 14.0
Spellcasting   | 3 4 5 6 10 | 10.0
Stealth        | 6 8 10 12 13 15 19 20 22 23 | 23.1
Shields        | 1 2 5 7 |  7.4
Dodging        | 4 9 10 13 15 18 20 21 | 21.7
Fighting       | 3 5 7 8 10 12 14 15 16 | 16.5
Evocations     | 3 6 9 10 | 10.0
Invocations    | 1 5 7 |  7.0
Summonings     | 3 |  3.0

Action                   |  1- 3 |  4- 6 |  7- 9 | 10-12 | 13-15 | 16-18 | 19-21 || total
-------------------------+-------+-------+-------+-------+-------+-------+-------++-------
Melee: Dagger            |   149 |       |    92 |   721 |   836 |  2592 |   635 ||  5025
       Short sword       |    22 |    98 |   380 |    58 |    71 |       |       ||   629
       Quick blade       |       |       |       |       |   845 |       |       ||   845
 Cast: Corona            |    19 |     1 |       |     4 |     2 |       |       ||    26
       Ensorcelled Hiber |     4 |     4 |    45 |   153 |   207 |    22 |     7 ||   442
       Confuse           |       |       |    19 |    63 |   181 |   172 |    54 ||   489
       Tukima's Dance    |       |       |     2 |    10 |    30 |    19 |     5 ||    66
       Invisibility      |       |       |       |       |     7 |    14 |     3 ||    24
       Summon Mana Viper |       |       |       |       |       |     5 |     1 ||     6
Evoke: Wand              |       |       |       |     9 |    15 |     3 |       ||    27
  Use: Scroll            |       |       |       |    25 |     6 |    29 |       ||    60
       Potion            |       |       |       |     2 |    10 |    11 |       ||    23
 Stab: Sleeping          |    16 |    13 |    37 |    91 |   124 |   141 |    16 ||   438
       Distracted        |       |       |     2 |     7 |    13 |    15 |     1 ||    38
       Confused          |       |       |    11 |    34 |   116 |    80 |    32 ||   273
       Invisible         |       |       |       |       |    42 |    78 |    25 ||   145
  Eat: Royal jelly       |       |     1 |       |     1 |     9 |     9 |     2 ||    22
       Fruit             |       |       |     5 |     7 |     2 |     6 |       ||    20
       Bread ration      |       |       |     1 |     1 |       |       |     1 ||     3
Armor: Robe              |    14 |     7 |    17 |    31 |       |       |       ||    69
       Troll leather arm |       |       |    46 |     9 |   102 |    26 |       ||   183
       Swamp dragon scal |       |       |       |       |       |   204 |    79 ||   283
Dodge: Dodged            |   126 |    86 |   274 |   468 |   791 |  1844 |   581 ||  4170
Block: Buckler           |       |       |       |    60 |   376 |   779 |   285 ||  1500
